 Dungeon Crawl Stone Soup version 0.30-a0-777-ga9a30cbeda (webtiles) character file.

Game seed: 2852982576901224352

78 scionoferis the Ducker (level 3, -12/29 HPs)
             Began as a Demigod Hexslinger on Feb 14, 2023.
             Blown up by Ijyb (18 damage)
             ... with a mindburst bolt
             ... on level 3 of the Dungeon.
             The game lasted 00:02:59 (1863 turns).

scionoferis the Ducker (Demigod Hexslinger)         Turns: 1863, Time: 00:03:00

Health: -12/29     AC:  4    Str: 11    XL:     3   Next: 94%
Magic:  6/6        EV: 12    Int: 15    God:
Gold:   109        SH:  0    Dex: 18    Spells: 3/4 levels left

rFire   . . .      SeeInvis .    a - +1 short sword (venom)
rCold   . . .      Faith    .    (no shield)
rNeg    + . .      Spirit   .    o - +1 leather armour of Atob {rN+ Regen+}
rPois   .          Reflect  .    (no helmet)
rElec   .          Harm     .    (no cloak)
rCorr   .          Rampage  .    (no gloves)
Will    .....                    (no boots)
Stlth   ++                       (no amulet)
HPRegen 1.04/turn                (no ring)
MPRegen 0.10/turn                (no ring)

@: lethally poisoned (-12 -> -12)
A: high MP 1, forlorn, divine attributes
a: no special abilities


You were on level 3 of the Dungeon.
You visited 1 branch of the dungeon, and saw 3 of its levels.

You collected 109 gold pieces.


Innate Abilities, Weirdness & Mutations

You have an increased reservoir of magic. (+10% MP)
You shall have no god before yourself.
Your divine heritage dramatically boosts your attributes as you level up.


   Skills:
 + Level 1.6 Fighting
 * Level 1.5 Long Blades
 - Level 1.7 Ranged Weapons
 * Level 2.8 Dodging
 + Level 1.3 Stealth
 - Level 1.0 Spellcasting
 - Level 2.6 Hexes


You had 3 spell levels left.
You knew the following spells:

 Your Spells              Type           Power      Damage    Failure   Level
a - Slow                  Hex            32%        N/A       11%         1

Your spell library contained the following spells:

 Spells                   Type           Power      Damage    Failure   Level
 Freeze                   Ice            0%         1d3       32%         1
 Inner Flame              Hex/Fire       4%         N/A       50%         3
 Portal Projectile        Hex/Tloc       8%         N/A       50%         3
 Frozen Ramparts          Ice            0%         1d1       67%         3
 Hailstorm                Conj/Ice       0%         3d3       67%         3
 Cause Fear               Hex            4%         N/A       71%         4

Inventory:

Hand Weapons
 a - a +1 short sword of venom (weapon)
   (You took it off a kobold on level 1 of the Dungeon)
 b - a +1 sling
 d - a +0 dagger
   (You took it off a goblin on level 1 of the Dungeon)
Missiles
 m - 2 poisoned darts
Armour
 o - the +1 leather armour of Atob (worn) {rN+ Regen+}
   (You found it on level 2 of the Dungeon)

   rN:        It protects you from negative energy.
   Regen:     It increases your rate of health regeneration.
Scrolls
 g - a scroll of poison
 i - a scroll of fog {unknown}
 j - 3 scrolls of identify {unknown}
 k - a scroll of vulnerability {unknown}
 n - a scroll of immolation {unknown}
Potions
 e - a potion of degeneration {unknown}
 f - 2 potions of attraction {unknown}
 h - 3 potions of heal wounds {unknown}
 l - a potion of might {unknown}

Dungeon Overview and Level Annotations

Branches:
Dungeon (3/15)

Annotations:
D:2 need flight
D:3 Ijyb

### ...##### ##. .....#
. #.. #...# ... .# #.#
#...###..... ..#####.#
#...@g.)....
......#.####...###.....
#.........#...###. ...
###.##.##.......... .
#####.##.############
................
###............
.#...###.##..###
.........>......


You could see Ijyb.


Message History

Welcome, scionoferis the Demigod Hexslinger.
Everyone else who sought the Orb of Zot has failed.
Will you be different?
Press ? for a list of commands and other information.
Found a staircase leading out of the dungeon.
You open the door.
A goblin comes into view. It is wielding a +0 dagger.
There is an open door here.
You shoot a sling bullet. The sling bullet hits the goblin.
The goblin shouts!
The goblin is moderately wounded.
You shoot a sling bullet. The sling bullet hits the goblin.
You kill the goblin!
A hobgoblin comes into view.
You shoot a sling bullet.
The sling bullet barely misses the hobgoblin.
The hobgoblin shouts!
You shoot a sling bullet.
The sling bullet hits the hobgoblin but does no damage.
The hobgoblin barely misses you. The hobgoblin hits you.
You shoot a sling bullet. The sling bullet hits the hobgoblin.
The hobgoblin is almost dead.
The hobgoblin closely misses you.
A dart slug comes into view.
You shoot a sling bullet.
The sling bullet closely misses the hobgoblin.
The hobgoblin misses you.
A goblin comes into view. It is wielding a +0 dagger.
You shoot a sling bullet. The sling bullet hits the hobgoblin.
You kill the hobgoblin!
Your Fighting skill increases to level 1!
You shoot a sling bullet. The sling bullet hits the dart slug.
The dart slug is heavily wounded.
You shoot a sling bullet. The sling bullet hits the dart slug.
The dart slug is almost dead.
You shoot a sling bullet. The sling bullet hits the dart slug.
You kill the dart slug!
Your Dodging skill increases to level 2!
You shoot a sling bullet.
The sling bullet barely misses the goblin.
You shoot a sling bullet.
The sling bullet closely misses the goblin.
The goblin barely misses you.
You shoot a sling bullet.
The sling bullet closely misses the goblin.
The goblin misses you.
You shoot a sling bullet. The sling bullet hits the goblin.
The goblin is heavily wounded.
The goblin hits you with a +0 dagger. The goblin closely misses you.
You shoot a sling bullet.
The sling bullet closely misses the goblin.
The goblin hits you with a +0 dagger.
You shoot a sling bullet. The sling bullet hits the goblin.
You kill the goblin!
No target in view!
No target in view!
No target in view!
No target in view!
You start resting.
HP restored.
Found a stone staircase leading down.
Things that are here:
a +0 dagger; a goblin corpse
d - a +0 dagger
Found 5 large rocks.
A bat comes into view.
You shoot a sling bullet. The sling bullet hits the bat.
The bat is severely wounded.
You shoot a sling bullet. The sling bullet hits the bat.
You kill the bat!
No target in view!
No target in view!
A kobold comes into view. It is wielding a +0 short sword.
The kobold shouts!
You shoot a sling bullet. The sling bullet hits the kobold.
The kobold is heavily wounded.
The kobold completely misses you.
You shoot a sling bullet.
The sling bullet completely misses the kobold.
The kobold hits you with a +0 short sword.
The kobold hits you but does no damage.
You shoot a sling bullet.
The sling bullet barely misses the kobold.
The kobold misses you.
You shoot a sling bullet.
The sling bullet closely misses the kobold.
The kobold closely misses you.
You shoot a sling bullet.
The sling bullet closely misses the kobold.
The kobold hits you with a +0 short sword.
The kobold closely misses you.
You shoot a sling bullet. The sling bullet hits the kobold.
You kill the kobold!
No target in view!
Things that are here:
a +0 short sword; 2 stones
e - a +0 short sword You see here 5 large rocks.
You open the door.
There is an open door here.
As you open the door, it creaks loudly!
Found a faded altar of an unknown god.
There is an open door here.
Found an escape hatch in the floor.
Found 6 stones.
f - a smoky ruby potion A kobold comes into view.
It is wielding a +1 short sword of venom.
You shoot a sling bullet.
The sling bullet hits the kobold but does no damage.
The kobold shouts!
You shoot a sling bullet. The sling bullet hits the kobold.
The kobold is severely wounded.
You shoot a sling bullet. The sling bullet hits the kobold.
You kill the kobold!
No target in view!
You see here a +1 short sword of venom.
g - a +1 short sword of venom Adjust to which letter? (? for menu, Esc to quit)
a - a +1 short sword of venom;
g - a +1 sling (weapon)
Adjust to which letter? (? for menu, Esc to quit)
b - a +1 sling (weapon);
g - a scroll of poison A rat comes into view.
You shoot a sling bullet. The sling bullet hits the rat.
You kill the rat!
You have reached level 2!
A rat comes into view.
You shoot a sling bullet. The sling bullet hits the rat.
You kill the rat!
No target in view!
No target in view!
A goblin comes into view. It is wielding a +0 club.
The goblin shouts!
You shoot a sling bullet.
The sling bullet closely misses the goblin.
The goblin hits you but does no damage. The goblin completely misses you.
You shoot a sling bullet.
The sling bullet closely misses the goblin.
The goblin hits you with a +0 club.
You shoot a sling bullet. The sling bullet hits the goblin.
The goblin is moderately wounded.
The goblin hits you with a +0 club.
Your +1 short sword of venom begins to drip with poison!
a - a +1 short sword of venom (weapon)
The goblin barely misses you.
You hit the goblin.
You kill the goblin!
No target in view!
Your +1 short sword of venom stops dripping with poison.
b - a +1 sling (weapon)
You now have 13 gold pieces.
A frilled lizard comes into view.
Your +1 short sword of venom begins to drip with poison!
a - a +1 short sword of venom (weapon)
You hit the frilled lizard.
You kill the frilled lizard!
No target in view!
Your +1 short sword of venom stops dripping with poison.
b - a +1 sling (weapon)
Found a stone staircase leading down.
A ball python comes into view.
The ball python hisses angrily.
You shoot a sling bullet. The sling bullet hits the ball python.
You kill the ball python!
No target in view!
There is a stone staircase leading down here.
Found a short sword.
A ball python comes into view.
Found a fizzy purple potion.
You shoot a sling bullet. The sling bullet hits the ball python.
You kill the ball python!
No target in view!
No target in view!
No target in view!
h - a fizzy purple potion You now have 15 gold pieces (gained 2).
An endoplasm comes into view.
An endoplasm is nearby!
You shoot a sling bullet. The sling bullet hits the endoplasm.
The endoplasm quivers.
The endoplasm is lightly wounded.
You shoot a sling bullet. The sling bullet hits the endoplasm.
You kill the endoplasm!
No target in view!
You see here a ball python corpse.
You see here a +0 short sword.
You see here a +0 club.
You open the door.
A giant cockroach comes into view.
A giant cockroach is nearby!
You shoot a sling bullet.
The sling bullet hits the giant cockroach.
You kill the giant cockroach!
No target in view!
No target in view!
There is an open door here.
A kobold comes into view. It is wielding a +0 club.
You shoot a sling bullet. The sling bullet hits the kobold.
The kobold shouts!
The kobold is severely wounded.
You shoot a sling bullet.
The sling bullet barely misses the kobold.
You shoot a sling bullet. The sling bullet hits the kobold.
You kill the kobold!
A dart slug comes into view.
You shoot a sling bullet. The sling bullet hits the dart slug.
The dart slug is moderately wounded.
You shoot a sling bullet. The sling bullet hits the dart slug.
The dart slug is severely wounded.
The dart slug launches a dart at you. The slug dart hits you.
You shoot a sling bullet. The sling bullet hits the dart slug.
You kill the dart slug!
No target in view!
Found a dagger.
An endoplasm comes into view.
You shoot a sling bullet. The sling bullet hits the endoplasm.
The endoplasm quivers.
The endoplasm is almost dead.
You shoot a sling bullet. The sling bullet hits the endoplasm.
You kill the endoplasm!
No target in view!
A kobold comes into view. It is wielding a +0 dagger.
You shoot a sling bullet. The sling bullet hits the kobold.
You kill the kobold!
No target in view!
No target in view!
f - 2 smoky ruby potions (gained 1)
You open the door.
There is an open door here.
h - 2 fizzy purple potions (gained 1)
You open the door.
There is an open door here.
A quokka comes into view.
You shoot a sling bullet.
The sling bullet hits the quokka but does no damage.
You shoot a sling bullet. The sling bullet hits the quokka.
The quokka is heavily wounded.
You shoot a sling bullet. The sling bullet hits the quokka.
You kill the quokka!
No target in view!
A kobold comes into view. It is wielding a +0 dagger.
The kobold shouts!
You shoot a sling bullet.
The sling bullet barely misses the kobold.
You shoot a sling bullet.
The sling bullet closely misses the kobold.
No target in view!
No target in view!
You shoot a sling bullet. The sling bullet hits the kobold.
You kill the kobold!
No target in view!
No target in view!
Things that are here:
a +0 dagger; 4 stones
Found a leather armour.
A ball python comes into view.
Found a leather armour.
You shoot a sling bullet. The sling bullet hits the ball python!
You kill the ball python!
No target in view!
No target in view!
You see here a +0 dagger.
You open the door.
There is an open door here.
Found a stone staircase leading down.
You now have 23 gold pieces (gained 8).
You open the door.
There is an open door here.
You open the door.
There is an open door here.
You see here a +0 leather armour.
You see here a +0 dagger.
There is an open door here.
You see here a +0 dagger.
Done exploring.
Search for what [? for help]? d: Unknown command.
Unknown command.
There is an escape hatch in the floor here.
There is a stone staircase leading down here.
You drop a +0 short sword.
There is a stone staircase leading down here.
You climb downwards.
There is a stone staircase leading up here.
e - a metallic silvery potion
Found a stone staircase leading down.
You now have 27 gold pieces (gained 4).
You enter the shallow water.
Moving in this stuff is going to be slow.
i - a scroll labelled VISTOSM SOFF You now have 34 gold pieces (gained 7).
You enter the shallow water.
Moving in this stuff is going to be slow.
Found a leather armour.
j - a scroll labelled TOCABOBLIM You see here a +0 leather armour.
Found 7 stones.
You now have 43 gold pieces (gained 9).
A giant cockroach comes into view.
Found 4 stones.
You shoot a sling bullet.
The sling bullet closely misses the giant cockroach.
You shoot a sling bullet.
The sling bullet hits the giant cockroach!
You kill the giant cockroach!
Your Stealth skill increases to level 1!
No target in view!
No target in view!
Found 7 stones.
You see here a +0 leather armour.
You enter the shallow water.
Moving in this stuff is going to be slow.
j - 2 scrolls labelled TOCABOBLIM (gained 1)
Found a stone staircase leading up.
There is a stone staircase leading up here.
You enter the shallow water.
Moving in this stuff is going to be slow.
You enter the shallow water.
Moving in this stuff is going to be slow.
You enter the shallow water.
Moving in this stuff is going to be slow.
j - 3 scrolls labelled TOCABOBLIM (gained 1)
Found a leather armour.
You see here a +0 leather armour.
You enter the shallow water.
Moving in this stuff is going to be slow.
You enter the shallow water.
Moving in this stuff is going to be slow.
k - a scroll labelled DUSAUCK HEDIKH You enter the shallow water.
Moving in this stuff is going to be slow.
You enter the shallow water.
Moving in this stuff is going to be slow.
A bat comes into view.
You shoot a sling bullet. The sling bullet misses the bat.
The bat closely misses you.
You shoot a sling bullet.
The sling bullet closely misses the bat.
The bat hits you. The bat closely misses you.
You shoot a sling bullet.
The sling bullet closely misses the bat.
The bat hits you.
You shoot a sling bullet.
The sling bullet closely misses the bat.
The bat barely misses you. x2
You shoot a sling bullet.
The sling bullet closely misses the bat.
The bat hits you. The bat closely misses you.
You shoot a sling bullet. The sling bullet barely misses the bat.
The bat hits you but does no damage.
No target in view!
No target in view!
No target in view!
A bat is nearby!
You shoot a sling bullet. The sling bullet hits the bat.
You kill the bat!
No target in view!
No target in view!
No target in view!
HP restored.
Found a stone staircase leading down.
A goblin comes into view. It is wielding a +0 dagger.
You shoot a sling bullet. The sling bullet hits the goblin!
You kill the goblin!
No target in view!
No target in view!
h - 3 fizzy purple potions (gained 1)
Found a stone staircase leading up.
Found 2 poisoned darts.
You see here 2 poisoned darts.
l - a puce potion Search for what [Enter for "d:", or ? for help]? dart You see here 2 poisoned darts.
m - 2 poisoned darts An endoplasm comes into view.
You shoot a sling bullet.
The sling bullet completely misses the endoplasm.
The endoplasm quivers.
You shoot a sling bullet. The sling bullet hits the endoplasm.
The endoplasm is moderately wounded.
You shoot a sling bullet.
The sling bullet hits the endoplasm but does no damage.
The endoplasm is moderately wounded.
You shoot a sling bullet. The sling bullet hits the endoplasm.
You kill the endoplasm!
No target in view!
Things that are here:
a +0 dagger; a goblin corpse You enter the shallow water.
Moving in this stuff is going to be slow.
You enter the shallow water.
Moving in this stuff is going to be slow.
You enter the shallow water.
Moving in this stuff is going to be slow.
You enter the shallow water.
Moving in this stuff is going to be slow.
n - a scroll labelled GIZIEPSEUCE You see here the +1 leather armour of Atob {rN+ Regen+}.
o - the +1 leather armour of Atob {rN+ Regen+} You start removing your armour.
You continue taking off your +0 robe. x4
You finish taking off your +0 robe.
You start putting on your armour.
You continue putting on the +1 leather armour of Atob {rN+ Regen+}. x5
You finish putting on the +1 leather armour of Atob {rN+ Regen+}.
The leather armour of Atob throbs as it attunes itself to your uninjured body.
You drop a +0 robe.
You now have 55 gold pieces (gained 12).
You now have 67 gold pieces (gained 12).
Found a stone staircase leading down.
Found a club.
You see here a +0 club.
You now have 75 gold pieces (gained 8).
You see here a +0 club.
You enter the shallow water.
Moving in this stuff is going to be slow.
You enter the shallow water.
Moving in this stuff is going to be slow.
You enter the shallow water.
Moving in this stuff is going to be slow.
Partly explored, can't reach some places.
Partly explored, can't reach some places.
Annotate which branch? (. - D:2, ? - help, ! - show branch list) New annotation for D:2 (include '!' for warning): need flight You enter the shallow water.
Moving in this stuff is going to be slow.
You enter the shallow water.
Moving in this stuff is going to be slow.
You see here 4 stones.
There is a stone staircase leading down here.
Save game and exit?
Level annotation: need flight Welcome back, scionoferis the Demigod Hexslinger.
Press ? for a list of commands and other information.
You climb downwards.
There is a stone staircase leading up here.
Found a stone staircase leading down.
An adder comes into view.
You see here 13 gold pieces.
You shoot a sling bullet.
The sling bullet completely misses the adder.
The adder hisses angrily.
You hear an angry hiss.
You shoot a sling bullet.
The sling bullet closely misses the adder.
You shoot a sling bullet.
The sling bullet closely misses the adder.
A frilled lizard comes into view.
Your +1 short sword of venom begins to drip with poison!
a - a +1 short sword of venom (weapon)
You hit the adder.
The adder is poisoned.
The adder is heavily wounded.
The adder bites you but does no damage.
You closely miss the adder.
The adder is heavily wounded.
The adder misses you. The adder closely misses you.
You hit the adder.
The adder looks as sick as possible!
The adder is almost dead.
The adder bites you.
You are poisoned.
The adder poisons you!
You hit the adder but do no damage.
The adder is almost dead.
You feel sick.
You kill the adder!
Your Long Blades skill increases to level 1!
You have reached level 3!
Your experience leads to a dramatic increase in your attributes!
Increase (S)trength, (I)ntelligence, or (D)exterity?
You feel agile. x4
You closely miss the frilled lizard.
You feel sick. The frilled lizard closely misses you.
You hit the frilled lizard.
You kill the frilled lizard!
You feel sick.
Found 6 gold pieces.
You feel sick.
You feel sick.
You now have 88 gold pieces (gained 13).
You feel sick.
You are no longer poisoned.
You start resting.
HP restored.
Your +1 short sword of venom stops dripping with poison.
b - a +1 sling (weapon)
You pick up a book of Frost and begin reading...
You add the spells Freeze, Frozen Ramparts and Hailstorm to your library.
A hobgoblin comes into view.
Found a dagger.
You shoot a sling bullet. The sling bullet hits the hobgoblin.
You kill the hobgoblin!
No target in view!
You now have 94 gold pieces (gained 6).
You now have 109 gold pieces (gained 15).
Jessica the Apprentice Sorceress comes into view.
She is wielding a +5 club.
Jessica shouts!
You hear an angry hiss.
You shoot a sling bullet.
The sling bullet closely misses Jessica.
You shoot a sling bullet. The sling bullet hits Jessica.
Jessica is heavily wounded.
You hear an angry hiss.
An adder comes into view.
You hear a shout!
You shoot a sling bullet. The sling bullet hits Jessica.
You kill Jessica!
You shoot a sling bullet. The sling bullet hits the adder!
The adder is severely wounded.
Ijyb the Twisted Goblin comes into view.
She is wielding a +6 club and carrying a wand of mindburst (5).
You shoot a sling bullet.
The sling bullet closely misses the adder.
The sling bullet hits Ijyb.
Ijyb is moderately wounded.
Your +1 short sword of venom begins to drip with poison!
a - a +1 short sword of venom (weapon)
The adder closely misses you.
You closely miss the adder.
The adder is heavily wounded.
Ijyb screams, "Get away!"
The adder closely misses you.
You barely miss the adder.
The adder is heavily wounded.
The adder bites you but does no damage.
You closely miss the adder.
The adder is heavily wounded.
The adder barely misses you.
You barely miss the adder.
The adder is heavily wounded.
The adder bites you. The adder misses you.
You barely miss the adder.
The adder is heavily wounded.
The adder misses you.
You miss the adder.
The adder is heavily wounded.
The adder bites you.
You miss the adder.
The adder is heavily wounded.
The adder bites you but does no damage.
You miss the adder.
The adder is heavily wounded.
The adder closely misses you.
You barely miss the adder.
The adder is heavily wounded.
The adder closely misses you. The adder bites you but does no damage.
You miss the adder.
The adder is heavily wounded.
The adder barely misses you.
You hit the adder.
The adder is heavily wounded.
The adder closely misses you.
You closely miss the adder.
The adder is heavily wounded.
The adder barely misses you.
You closely miss the adder.
The adder is heavily wounded.
The adder bites you.
You are poisoned.
The adder poisons you! The adder completely misses you.
You hit the adder.
You kill the adder!
You feel sick.
You barely miss Ijyb.
Ijyb is moderately wounded.
You feel sick.
You closely miss Ijyb.
Ijyb is moderately wounded.
You feel sick.
Ijyb zaps a wand.
Your mind is blasted!
Ouch! That really hurt!
* * * LOW HITPOINT WARNING * * *
You hit Ijyb but do no damage.
Ijyb is moderately wounded.
You feel sick.
Ijyb zaps a wand.
You barely resist. You barely miss Ijyb.
Ijyb is moderately wounded.
You feel sick.
Ijyb zaps a wand.
Your mind is blasted!
Ouch! That really hurt!
You die...

Skill      XL: |  1  2 |
---------------+-------+-----
Fighting       | 1 |  1.6
Dodging        | 2 |  2.8
Stealth        | 1 |  1.3
Long Blades    | 1 |  1.5
Ranged Weapons | |  1.7
Spellcasting   | |  1.0
Hexes          | |  2.6

Action                     || total
---------------------------++-------
  Melee: Short sword       ||    26
   Fire: Sling             ||    76
 Armour: Robe              ||     3
         Leather armour    ||     4
  Dodge: Dodged            ||    31

Levels and vault maps discovered:
D:1:      wander_arrival_chamber, layout_basic,
          hellmonk_ecumenical_altar_inner_sanctum
D:2:      layout_loops_ring, serial_rivers, chequers_serial_rivers_marsh,
          chequers_serial_rivers_large_b, chequers_serial_rivers_micro_d,
          chequers_serial_rivers_marsh, chequers_serial_rivers_small_3,
          serial_bayou_pond_d, serial_park_tiny_pond, nrook_loot_triangle
D:3:      layout_rooms, mainiacjoe_overflow_tiny_flanked, lemuel_round_altar,
          uniq_ijyb, uniq_jessica

Notes
Turn   | Place    | Note
-------+----------+-------------------------------------------
     0 | D:1      | scionoferis the Demigod Hexslinger began the quest for the
                  | Orb.
     0 | D:1      | Reached XP level 1. HP: 15/15 MP: 4/4
    15 | D:1      | Reached skill level 1 in Fighting
    18 | D:1      | Reached skill level 2 in Dodging
   216 | D:1      | Reached XP level 2. HP: 23/23 MP: 5/5
  1030 | D:2      | Reached skill level 1 in Stealth
  1511 | D:2      | Identified the +1 leather armour of Atob {rN+ Regen+}
  1804 | D:3      | Reached skill level 1 in Long Blades
  1804 | D:3      | Reached XP level 3. HP: 26/28 MP: 6/6
  1839 | D:3      | Noticed Jessica
  1842 | D:3      | Killed Jessica
  1843 | D:3      | Noticed Ijyb
  1863 | D:3      | Blown up by Ijyb

Vanquished Creatures
  Jessica (D:3)
  2 adders (D:3)
  2 dart slugs (D:1)
  3 ball pythons (D:1)
  3 endoplasms (D:1 D:2)
  2 giant cockroaches (D:1 D:2)
  4 goblins (D:1 D:2)
  2 hobgoblins (D:1 D:3)
  5 kobolds (D:1)
  A quokka (D:1)
  2 bats (D:1 D:2)
  2 frilled lizards (D:1 D:3)
  2 rats (D:1)
31 creatures vanquished.

Table legend: (Time is in decaauts)
 A = Elapsed time spent in this place.
 B = Non-inter-level travel time spent in this place.
 C = Inter-level travel time spent in this place.
 D = Time resting spent in this place.
 E = Time spent auto-exploring this place.
 F = Levels seen in this place.
 G = Mean time per level.
                   A        B        C        D        E       F      G
               +--------+--------+--------+--------+--------+-----+--------+
         Total |   1923 |   1820 |    103 |     15 |   1585 |   3 |  641.0 |
       Dungeon |   1923 |   1820 |    103 |     15 |   1585 |   3 |  641.0 |
               +--------+--------+--------+--------+--------+-----+--------+

Top non-repeatable levels by time:
     D:1: 962 daAuts
     D:2: 887 daAuts
     D:3: 73 daAuts

Table legend:
 A = Non-vault XP
 B = Vault XP
 C = Vault XP percentage of total XP
 D = Non-vault monster count
 E = Vault monster count
 F = Vault count percentage of total count
                 A         B        C        D         E       F
            +---------+---------+-------+---------+---------+-------
      Total |      75 |      37 |  33.0 |      30 |       1 |   3.2
            +---------+---------+-------+---------+---------+-------
        D:1 |      39 |       0 |   0.0 |      22 |       0 |   0.0
        D:2 |       7 |       0 |   0.0 |       4 |       0 |   0.0
        D:3 |      29 |      37 |  56.1 |       4 |       1 |  20.0
            +---------+---------+-------+---------+---------+-------
